Description

Build an economy and recruit mass bio army

VOD

https://www.youtube.com/watch?v=KK4Trit-MvE

Build Order

Get SALT Encoding   

  14  0:18  Supply Depot  
  15  0:30  Refinery  
  16  0:45  Barracks  
  20  1:30  Orbital Command, Marine  or reaper
  20  1:44  Command Center  
  20  1:52  Barracks Reactor  (Start non-stop Marine production)
  20  2:00  Factory  
  21  2:09  Supply Depot  
  22  2:16  Refinery  
  28  2:45  Starport, Widow Mine x2  in the mineral line
  31  2:58  Orbital Command  
  39  3:21  Viking  
  39  3:30  Barracks  
  39  3:35  Barracks  
  39  3:46  Tech Lab x2  factory and starport
  41  3:50  Engineering Bay  
  45  4:10  Action  Switch the Barracks x2 with the Starport and Factory
  45  4:11  Starport Reactor  
  45  4:12  Factory Reactor  or tech lab: tank or cyclone
  45  4:15  Terran Infantry Weapons Level 1  
  50  4:25  Stimpack, Combat Shield  
  53  4:30  Marine x4  or 2 marauders and 2 marines
  61  4:57  Medivac x2  
  61  5:00  Widow Mine x2  tech lab: tank or cyclone
  82  5:56  Command Center  
  90  6:10  Refinery x2  
  90  6:14  Concussive Shells  
  90  6:17  Barracks x2  Reactor
  92  6:24  Terran Infantry Armor Level 1  
  90  6:25  Action  Push with Stimpack and 90+ Supply
Spawning Tool Build Advisor. Get it on Overwolf

Go to:

Details

  • Created by: Rufusan
  • Published on: Dec 06, 2019
  • Modified on: Dec 06, 2019
  • Patch: 4.11.0
Show
View Real Time Build Order
Export as new Build Order

Comments (0)

There are no comments. Be the first!

Create an account to comment!